 Dungeon Crawl Stone Soup version 0.30-a0-743-gbfdf073431 (webtiles) character file.

Game seed: 16874488144335334794

431 M4edhros the Insei (level 6, -6/42 HPs)
             Began as an Octopode Delver on Feb 6, 2023.
             Was a Plaything of Xom.
             Mangled by an ogre
             ... wielding a +0 giant club
              (16 damage)
             ... on level 4 of the Dungeon.
             The game lasted 00:02:04 (1312 turns).

M4edhros the Insei (Octopode Delver)                Turns: 1312, Time: 00:02:04

Health: -6/42      AC:  1    Str: 11    XL:     6   Next: 99%
Magic:  6/6        EV: 13    Int: 13    God:    Xom [..*...]
Gold:   57         SH:  0    Dex: 15    Spells: 5/5 levels left

rFire   . . .      SeeInvis .      - Unarmed
rCold   . . .      Faith    .    (no shield)
rNeg    . . .      Spirit   .    (helmet restricted)
rPois   .          Reflect  .    (no amulet)
rElec   .          Harm     .    (no ring)
rCorr   .          Rampage  .    (no ring)
Will    .....                    (no ring)
Stlth   ++++                     (no ring)
HPRegen 0.27/turn                (no ring)
MPRegen 0.10/turn                (no ring)
                                 (no ring)
                                 (no ring)

@: no status effects
A: almost no armour, amphibious, 8 rings, camouflage 1, gelatinous body 1,
(nimble swimmer 1), tentacles
a: Renounce Religion


You were on level 4 of the Dungeon.
You worshipped Xom.
You were a toy of Xom.
You visited 1 branch of the dungeon, and saw 2 of its levels.

You collected 57 gold pieces.

Inventory:

Wands
 e - a wand of digging (3)
Scrolls
 a - a scroll of fog
 b - a scroll of magic mapping
 c - a scroll of fear
 g - 2 scrolls of identify {unknown}
 i - a scroll of acquirement {unknown}
Potions
 d - a potion of might {unknown}
 f - a potion of berserk rage {unknown}
 h - a potion of curing {unknown}
 j - a potion of lignification {unknown}


   Skills:
 - Level 3.0 Fighting
 - Level 2.0 Dodging
 - Level 6.6 Stealth
 + Level 7.2 Unarmed Combat


You had 5 spell levels left.
You didn't know any spells.
Your spell library contained the following spells:

 Spells                   Type           Power      Damage    Failure   Level
 Apportation              Tloc           0%         N/A       30%         1
 Necrotise                Necr           0%         1d4       30%         1
 Summon Small Mammal      Summ           0%         N/A       30%         1


Dungeon Overview and Level Annotations

Branches:
Dungeon (5/15)
 Temple: D:4-7

Altars:
Xom


Innate Abilities, Weirdness & Mutations

You cannot wear most types of armour.
You are amphibious.
You can wear up to eight rings at the same time.
Your skin changes colour to match your surroundings (Stealth+).
Your rubbery body absorbs attacks. (AC +1, EV +1)
((You are camouflaged when in or above water. (Stealth+)))
You have tentacles for arms and can constrict up to eight enemies at once.


Message History

Key pressed, stopping explore.
You see here a +0 robe.
Natasha, Servant of Life and Death comes into view.
Okay, then.
Xom grants you insight.
You detect creatures!
You bludgeon Natasha! You grab Natasha.
Natasha is heavily wounded.
You constrict Natasha. Natasha claws you.
You bludgeon Natasha!
You kill Natasha!
Natasha screams in fury as she dies!
No target in view!
No target in view!
No target in view!
No target in view!
You see here the felid corpse of Natasha.
An ogre comes into view. It is wielding a +0 giant club.
An ogre is nearby!
An ogre is nearby!
An ogre is nearby!
The helpless ogre fails to defend itself.
You bludgeon the ogre! You squeeze the ogre.
The ogre is heavily wounded.
The ogre hits you with a +0 giant club!!
Ouch! That really hurt!
* * * LOW HITPOINT WARNING * * *
A shower of butterflies erupts from you!
You are too injured to fight recklessly!
You are too injured to fight recklessly!
You are too injured to fight recklessly!
You are too injured to fight recklessly!
You are too injured to fight recklessly!
You are too injured to fight recklessly!
You tentacle-slap the ogre. Your squeeze misses the ogre.
The ogre is severely wounded.
You completely miss the ogre.
The ogre is severely wounded.
The ogre hits you with a +0 giant club!
You die...

........#...........#
...................##
##.................#
###.......#......##
###.......###..#
###..###..#### #.##
###..###
......#####..#
...........@##...#
#...........Ob.##...#
###. ..........# ##.
....b....##
........## #.......#
#########


You could see an ogre (ally target).

Vanquished Creatures
  A necrophage (D:5)
  4 scorpions (D:4)
  An orc priest (D:5)
  Natasha (twice) (D:4)
  4 gnolls (D:4)
  2 ufetubi
  5 orcs
  An endoplasm (D:4)
  A hobgoblin (D:4)
  A ball python (D:4)
  2 goblins (D:4)
24 creatures vanquished.

Vanquished Creatures (others)
  A fungus (D:4)
1 creature vanquished.

Grand Total: 25 creatures vanquished

Notes
Turn   | Place    | Note
-------+----------+-------------------------------------------
     0 | D:5      | M4edhros the Octopode Delver began the quest for the Orb.
     0 | D:5      | Reached XP level 1. HP: 16/16 MP: 1/1
    38 | D:5      | Noticed an orc priest
    50 | D:5      | Noticed a necrophage
    63 | D:5      | Killed a necrophage
    64 | D:5      | Reached skill level 4 in Unarmed Combat
    64 | D:5      | Reached XP level 2. HP: 13/21 MP: 2/2
    64 | D:5      | Reached XP level 3. HP: 16/26 MP: 3/3
    64 | D:5      | Reached XP level 4. HP: 19/31 MP: 4/4
   115 | D:4      | Found a shimmering altar of Xom.
   122 | D:4      | Became a worshipper of Xom the Random Number God
   251 | D:4      | Noticed a scorpion
   258 | D:4      | Killed a scorpion
   259 | D:4      | Reached skill level 5 in Unarmed Combat
   259 | D:4      | Reached XP level 5. HP: 29/36 MP: 5/5
   643 | D:4      | Reached skill level 6 in Unarmed Combat
   643 | D:4      | Reached XP level 6. HP: 5/42 MP: 6/6
   645 | D:4      | HP: 2/42 [poisoned by a scorpion]
   878 | D:4      | XOM: divination: detect creatures
   926 | D:4      | Reached skill level 7 in Unarmed Combat
   977 | D:4      | XOM: divination: detect creatures
  1120 | D:4      | Noticed Natasha
  1121 | D:4      | Killed Natasha
  1259 | D:4      | Noticed Natasha
  1263 | D:4      | XOM: divination: detect creatures
  1266 | D:4      | Killed Natasha
  1310 | D:4      | XOM: butterfly on damage
  1312 | D:4      | Mangled by an ogre

Illustrated notes

Levels and vault maps discovered:
D:4:      old_forge, layout_cave_pods, nicolae_overflow_crystal_walls,
          uniq_natasha
D:5:      layout_loops_ring, chequers_serial_rivers_room_a,
          palyth_stone_intersect, nrook_pool_corridor

Skill      XL: |  1  2  3  4  5  6 |
---------------+-------------------+-----
Unarmed Combat | 4 5 6 7 |  7.2
Fighting       | |  3.0
Dodging        | |  2.0
Stealth        | |  6.6

Action                     |  1- 3 |  4- 6 || total
---------------------------+-------+-------++-------
  Melee: Unarmed           |     7 |    74 ||    81
         Tentacles         |     2 |    24 ||    26
         Constrict         |     1 |    17 ||    18
         Punch             |       |     6 ||     6
  Throw: Throwing net      |       |     3 ||     3
    Use: Scroll            |     1 |       ||     1
         Potion            |     1 |       ||     1
   Stab: Sleeping          |       |     4 ||     4
 Armour: Skin              |       |     3 ||     3
  Dodge: Dodged            |     3 |    28 ||    31

Table legend: (Time is in decaauts)
 A = Elapsed time spent in this place.
 B = Non-inter-level travel time spent in this place.
 C = Inter-level travel time spent in this place.
 D = Time resting spent in this place.
 E = Time spent auto-exploring this place.
 F = Levels seen in this place.
 G = Mean time per level.
                   A        B        C        D        E       F      G
               +--------+--------+--------+--------+--------+-----+--------+
         Total |   1283 |   1283 |      0 |    161 |    825 |   2 |  641.5 |
       Dungeon |   1283 |   1283 |      0 |    161 |    825 |   2 |  641.5 |
               +--------+--------+--------+--------+--------+-----+--------+

Top non-repeatable levels by time:
     D:4: 1204 daAuts
     D:5: 79 daAuts
